 Dungeon Crawl Stone Soup version 0.31-a0-354-g827e0957a7 (webtiles) character file.

Game seed: 2374156360373849716

2053 LeprechaunX the Ruffian (level 9, 0/61 HPs)
             Began as an Octopode Shapeshifter on July 24, 2023.
             Slain by a komodo dragon (31 damage)
             ... on level 7 of the Dungeon.
             The game lasted 00:07:22 (4979 turns).

LeprechaunX the Ruffian (Octopode Shapeshifter)     Turns: 4979, Time: 00:07:22

Health: 0/61       AC:  5    Str: 18    XL:     9   Next: 25%
Magic:  18/18      EV: 15    Int: 10    God:
Gold:   212        SH:  0    Dex: 13    Spells: 8/8 levels left

rFire   . . .        o - +3 mace of the Kidney {flame, rElec SInv}
rCold   . . .        (no shield)
rNeg    . . .        (helmet currently unavailable)
rPois   .            y - amulet of regeneration
rElec   +            c - +4 ring of protection
rCorr   .            A - ring of magical power
SInv    +            (no ring)
Will    .....        (no ring)
Stlth   ++           (no ring)
HPRegen 1.10/turn    (no ring)
MPRegen 0.16/turn    (no ring)
                     (no ring)

%: no passive effects
@: beast-form
A: beast (slay +3), almost no armour, amphibious, 8 rings, camouflage 1,
gelatinous body 1, (nimble swimmer 1), tentacles
a: Begin Untransformation


You were on level 7 of the Dungeon.
You were a hulking beast.
You visited 1 branch of the dungeon, and saw 7 of its levels.

You collected 212 gold pieces.

Inventory:

Hand Weapons
 o - the +3 mace of the Kidney (weapon) {flame, rElec SInv}
   (You found it on level 2 of the Dungeon)

   rElec:     It insulates you from electricity.
   SInv:      It lets you see invisible.
 s - the +5 short sword "Qyefidik" {freeze, Dex+2}
   (You found it on level 4 of the Dungeon)

   Dex:       It affects your dexterity (+2).
Jewellery
 c - a +4 ring of protection (left tentacle)
 x - an amulet of faith
 y - an amulet of regeneration (around mantle)
 A - a ring of magical power (right tentacle)
Talismans
 b - a beast talisman
Wands
 w - a wand of flame (14)
Scrolls
 d - 6 scrolls of identify {unknown}
 e - a scroll of poison {unknown}
 i - a scroll of teleportation {unknown}
 j - a scroll of amnesia {unknown}
 k - a scroll of enchant armour {unknown}
 l - a scroll of vulnerability {unknown}
 n - 6 scrolls of enchant weapon {unknown}
 q - 2 scrolls of fear {unknown}
 z - a scroll of noise {unknown}
Potions
 a - 3 potions of lignification
 f - a potion of resistance {unknown}
 g - a potion of degeneration {unknown}
 h - 3 potions of curing {unknown}
 m - a potion of heal wounds {unknown}
 p - a potion of brilliance {unknown}
 r - a potion of might {unknown}
 t - 2 potions of cancellation {unknown}
 u - a potion of haste {unknown}
 v - 2 potions of magic {unknown}


   Skills:
 + Level 5.2 Fighting
 + Level 5.0 Maces & Flails
 + Level 5.5 Dodging
 + Level 6.2 Unarmed Combat
 + Level 5.3 Shapeshifting


You had 8 spell levels left.
You didn't know any spells.
Your spell library contained the following spells:

 Spells                   Type           Power      Damage    Failure   Level
 Sandblast                Erth           0%         2d4       36%         1
 Summon Small Mammal      Summ           0%         N/A       36%         1
 Passwall                 Tmut/Erth      0%         N/A       50%         2
 Call Canine Familiar     Summ           0%         N/A       75%         3
 Dazzling Flash           Conj/Hex       0%         N/A       75%         3
 Frozen Ramparts          Ice            0%         1d1       75%         3
 Stone Arrow              Conj/Erth      0%         3d7       75%         3
 Summon Guardian Golem    Hex/Summ       0%         N/A       75%         3
 Volatile Blastmotes      Fire/Tloc      0%         2d10      75%         3
 Petrify                  Tmut/Erth      0%         N/A       98%         4
 Metabolic Englaciation   Hex/Ice        0%         N/A       100%        5
 Starburst                Conj/Fire      0%         6d3       100%        6
 Maxwell's Capacitive Co  Air            0%         ∞         100%        8


Dungeon Overview and Level Annotations

Branches:
Dungeon (7/15)
 Temple: D:4-7

Altars:
Cheibriados
Makhleb
Trog
Wu Jian
Lugonu

Shops:
D:2 *

Portals:
Abyss: D:4


Innate Abilities, Weirdness & Mutations

You are a hulking beast.
Your limbs bulge with bestial killing power. (Slay +3)
You cannot wear most types of armour.
You are amphibious.
You can wear up to eight rings at the same time.
Your skin changes colour to match your surroundings (Stealth+).
Your rubbery body absorbs attacks. (AC +1, EV +1)
((You are camouflaged when in or above water. (Stealth+)))
You have tentacles for arms and can constrict up to eight enemies at once.


Message History

You swing at nothing.
You start resting.
HP restored.
Items here: )))))) [[[ ††††.
A kobold and a komodo dragon come into view.
Found a glowing cyan potion.
Found a stone staircase leading down and a stone staircase leading up.
The kobold shouts!
The komodo dragon moves out of view.
A kobold comes into view. It is wielding a +0 whip.
The komodo dragon hisses angrily.
A kobold brigand and 2 kobolds come into view.
The kobold brigand is wielding a +0 dagger and quivering poisoned darts.
A kobold is wielding a +1 dagger of flaming.
The kobold shouts! x2
The kobold hits you but does no damage.
The kobold brigand moves out of view.
The kobold attacks as you move away!
The kobold hits you with a +0 short sword.
The kobold attacks as you move away! The kobold barely misses you.
The kobold brigand shouts!
You barely miss the kobold. Your grab misses the kobold. The kobold misses you.
You hit the komodo dragon but do no damage.
The komodo dragon bites you!
You hit the komodo dragon. You burn the komodo dragon.
You tentacle-slap the komodo dragon, but do no damage.
The komodo dragon is lightly wounded.
The komodo dragon barely misses you.
You hit the komodo dragon. You burn the komodo dragon.
You squeeze the komodo dragon.
The komodo dragon is moderately wounded.
The komodo dragon bites you!
You hit the komodo dragon. You burn the komodo dragon.
You squeeze the komodo dragon!
The komodo dragon is severely wounded.
The komodo dragon bites you!
You hit the komodo dragon. You burn the komodo dragon.
You squeeze the komodo dragon.
The komodo dragon is almost dead.
The komodo dragon bites you!!
Ouch! That really hurt!
You die...

#.##.##)#...###
......##........
.....#####.....###
#.###.####........#
# #.............# ##
######........# #..
#.........### #..
#.##.#....# #...
#h##......#
###...####l#####.###
.....>...KK# .#
......!.K.K# ..
...<......## .#
#.#..K#.### #.K.#.#
#.. #.# #.. #.#


You could see a komodo dragon, a kobold brigand and 3 kobolds.

Vanquished Creatures
  A water moccasin (D:6)
  2 ice beasts (D:6)
  A sky beast (D:7)
  2 black bears
  An orc warrior (D:7)
  A centaur (D:6)
  4 kobold brigands
  A bullfrog (D:7)
  A scorpion (D:4)
  A vampire bat (D:3)
  4 hounds
  2 iguanas
  3 orc priests (D:6)
  4 iron imps
  3 jellies
  5 orc wizards
  4 gnolls (D:3)
  4 adders
  2 white imps
  An ufetubus (D:5)
  A worm (D:3)
  2 dart slugs
  3 fire bats (D:3)
  17 orcs
  2 spectral bats (D:3)
  13 bats
  3 bat skeletons (D:3)
  A bat zombie (D:3)
  5 endoplasms
  2 giant cockroaches (D:4)
  5 goblins
  5 hobgoblins
  15 kobolds
  2 quokkas
  5 ball pythons
  A bat simulacrum (D:3)
  3 frilled lizards
  3 rats
  A lurking horror (D:4)
136 creatures vanquished.

Vanquished Creatures (others)
  An orc wizard (D:6)
1 creature vanquished.

Grand Total: 137 creatures vanquished

Notes
Turn   | Place    | Note
-------+----------+-------------------------------------------
     0 | D:1      | LeprechaunX the Octopode Shapeshifter began the quest for
                  | the Orb.
     0 | D:1      | Reached XP level 1. HP: 13/13 MP: 1/1
   133 | D:1      | Reached XP level 2. HP: 18/18 MP: 2/2
   633 | D:2      | Found a faded altar of an unknown god.
   828 | D:2      | Found Peenage's General Store.
   840 | D:2      | Identified the +3 mace of the Kidney {flame, rElec SInv}
  1008 | D:3      | Reached XP level 3. HP: 23/23 MP: 3/3
  1097 | D:3      | Reached skill level 1 in Maces & Flails
  1097 | D:3      | Reached XP level 4. HP: 28/29 MP: 4/4
  1211 | D:3      | Reached XP level 5. HP: 34/34 MP: 5/5
  1325 | D:3      | Reached skill level 4 in Unarmed Combat
  1924 | D:3      | Reached XP level 6. HP: 41/41 MP: 6/6
  2393 | D:4      | Found a bloodstained altar of Trog.
  2447 | D:4      | Found a one-way gate to the infinite horrors of the Abyss.
  2449 | D:4      | Found a corrupted altar of Lugonu.
  2454 | D:4      | Identified the +5 short sword "Qyefidik" {freeze, Dex+2}
  2777 | D:5      | Entered Level 5 of the Dungeon
  2818 | D:5      | Noticed a black bear
  2898 | D:5      | Found a snail-covered altar of Cheibriados.
  2928 | D:5      | Reached XP level 7. HP: 36/46 MP: 7/7
  3587 | D:5      | Reached skill level 5 in Unarmed Combat
  3610 | D:5      | Reached XP level 8. HP: 39/54 MP: 8/8
  3622 | D:5      | Noticed a slime creature
  3622 | D:5      | Noticed a slime creature
  3622 | D:5      | Noticed a slime creature
  4359 | D:6      | Reached skill level 5 in Dodging
  4464 | D:6      | Reached skill level 5 in Shapeshifting
  4510 | D:6      | Found a burning altar of Makhleb.
  4844 | D:7      | Found an ornate altar of the Wu Jian Council.
  4907 | D:7      | Reached skill level 6 in Unarmed Combat
  4907 | D:7      | Reached XP level 9. HP: 56/60 MP: 9/9
  4911 | D:7      | Reached skill level 5 in Fighting
  4942 | D:7      | Reached skill level 5 in Maces & Flails
  4966 | D:7      | Noticed a komodo dragon
  4979 | D:7      | Slain by a komodo dragon

Illustrated notes

Levels and vault maps discovered:
D:1:      lemuel_arrival_rhombus, layout_basic, kennysheep_decorative_pillar
D:2:      layout_rooms, hellmonk_ecumenical_altar_lost_god, serial_shops, shop
D:3:      layout_basic, amcnicky_mini_rare_corridor_liquid, goddamned_bats
D:4:      layout_cave_pools, lemuel_round_altar,
          amcnicky_altar_lugonu_corruption
D:5:      cheibrodos_fertilizer, layout_loops_ring, slow_altar_1
D:6:      layout_basic, demons_altar, hangedman_abyss_or_decor_jellyfish_corner
D:7:      layout_loops_cross, overflow_temple_1_default, temple_hall,
          enter_ossuary_4, uniq_duvessa

Skill      XL: |  1  2  3  4  5  6  7  8  9 |
---------------+----------------------------+-----
Maces & Flails | 1 2 3 4 5 |  5.0
Fighting       | 2 3 4 5 |  5.2
Unarmed Combat | 4 5 6 |  6.2
Dodging        | 3 4 5 |  5.5
Shapeshifting  | 4 5 |  5.3

Action                     |  1- 3 |  4- 6 |  7- 9 || total
---------------------------+-------+-------+-------++-------
  Melee: Unarmed           |    32 |       |       ||    32
         Constrict         |    21 |    20 |    25 ||    66
         Tentacles         |     7 |    11 |    28 ||    46
         Punch             |     3 |     4 |     6 ||    13
         Mace              |    22 |    86 |   131 ||   239
   Stab: Sleeping          |     5 |     3 |     2 ||    10
 Armour: Skin              |    30 |    34 |    28 ||    92
  Dodge: Dodged            |    54 |   105 |    93 ||   252

Table legend: (Time is in decaauts)
 A = Elapsed time spent in this place.
 B = Non-inter-level travel time spent in this place.
 C = Inter-level travel time spent in this place.
 D = Time resting spent in this place.
 E = Time spent auto-exploring this place.
 F = Levels seen in this place.
 G = Mean time per level.
                   A        B        C        D        E       F      G
               +--------+--------+--------+--------+--------+-----+--------+
         Total |   5041 |   4886 |    155 |    460 |   3566 |   7 |  720.1 |
       Dungeon |   5041 |   4886 |    155 |    460 |   3566 |   7 |  720.1 |
               +--------+--------+--------+--------+--------+-----+--------+

Top non-repeatable levels by time:
     D:3: 1252 daAuts
     D:6: 1107 daAuts
     D:5: 926 daAuts
     D:4: 642 daAuts
     D:1: 579 daAuts
     D:2: 392 daAuts
     D:7: 140 daAuts
